AoeStats
← dodosh

Golden Pit

508281223Analyzed
1v1 RM · 9d ago on Sep 21, 2026· 33m 34s· 2 players
Game mode
Random Map
Map size
Tiny (2 player)
Population
200
Speed
Normal
Resources
Standard
Victory
Conquest
Starting age
Dark Age
Ending age
Imperial Age
RankedLock teamsTeams togetherTeam positionsShared explorationLock speedFull tech treeHidden civsTurbo modeCheats
Victory
Defeat
🇺🇦 Cumans · Ukraine
602
+14
🇧🇪 Huns · Belgium
562
-14
dodosh
9:41 Loom
11:46 Feudal Age
13:21 Wheelbarrow
14:06 Double-Bit Axe
15:07 Horse Collar
15:19 Man-at-Arms
17:14 Bloodlines
17:33 Scale Mail Armor
23:26 Forging
23:28 Arson
23:50 Town Watch
24:49 Gold Mining
29:41 Castle Age
33:55 Husbandry
МАМУТ
13:36 Feudal Age
14:28 Double-Bit Axe
14:25 Horse Collar
15:35 Man-at-Arms
16:12 Arson
20:17 Forging
20:06 Gold Mining
29:36 Castle Age
29:23 Bloodlines
30:46 Wheelbarrow
29:50 Long Swordsman
Connection lost

Rejoining the realm…

Still unreachable

The connection could not be restored.

Session expired

The server has moved on; the page needs a fresh start.